 Dungeon Crawl Stone Soup version 0.32-a0-665-g3d30ec2550 (webtiles) character file.

Game seed: 12367826085053732843

28 MeddlingMage the Chiller (level 2, -8/20 HPs)
             Began as a Demigod Ice Elementalist on Mar 9, 2024.
             Killed by divine providence
             ... invoked by an orc priest
              (15 damage)
             ... on level 2 of the Dungeon.
             The game lasted 00:02:06 (1322 turns).

MeddlingMage the Chiller (Demigod Ice Elementalist) Turns: 1322, Time: 00:02:06

Health: -8/20      AC:  2    Str:  9    XL:     2   Next: 78%
Magic:  4/7        EV: 12    Int: 17    God:
Gold:   78         SH:  0    Dex: 14    Spells: 4/5 levels left

rFire   . . .        e - +0 short sword (freeze)
rCold   . . .        (no shield)
rNeg    . . .        a - +0 robe
rPois   .            (no helmet)
rElec   .            (no cloak)
rCorr   .            (no gloves)
SInv    .            (no boots)
Will    .....        (no amulet)
Stlth   ++           (no ring)
HPRegen 0.23/turn    (no ring)
MPRegen 0.10/turn

%: no passive effects
@: no status effects
A: high MP 1, forlorn, divine attributes
a: no special abilities


You were on level 2 of the Dungeon.
You visited 1 branch of the dungeon, and saw 2 of its levels.

You collected 78 gold pieces.


Innate Abilities, Weirdness & Mutations

You have an increased reservoir of magic. (+10% MP)
You shall have no god before yourself.
Your divine heritage dramatically boosts your attributes as you level up.


   Skills:
 - Level 1.7 Dodging
 - Level 1.7 Stealth
 + Level 2.4 Spellcasting
 + Level 4.1 Ice Magic


You had 4 spell levels left.
You knew the following spells:

 Your Spells              Type           Power      Damage    Failure   Level
a - Freeze                Ice            64%        1d7       3%          1

Your spell library contained the following spells:

 Spells                   Type           Power      Damage    Failure   Level
 Frozen Ramparts          Ice            32%        1d5       11%         3
 Ozocubu's Armour         Ice            16%        N/A       11%         3
 Summon Ice Beast         Ice/Summ       9%         N/A       24%         3

Inventory:

Hand Weapons
 e - a +0 short sword of freezing (weapon)
Armour
 a - a +0 robe (worn)
 h - a +0 cloak
Talismans
 d - a beast talisman
Wands
 k - a wand of quicksilver (12)
Scrolls
 c - a scroll of blinking {unknown}
 f - a scroll of vulnerability {unknown}
 i - 2 scrolls of teleportation {unknown}
 m - a scroll of amnesia {unknown}
 n - a scroll of enchant weapon {unknown}
Potions
 b - a potion of magic
 g - a potion of invisibility {unknown}
 j - a potion of curing {unknown}
 l - a potion of haste {unknown}
 o - a potion of lignification {unknown}
 p - a potion of mutation {unknown}
 q - 2 potions of attraction {unknown}


Message History

The ball python constricts you.
You freeze the ball python.
You kill the ball python!
You can't see any susceptible monsters within range! (Use Z to cast anyway.)
Found 9 stones.
Found 2 stones.
Found 3 stones.
A hobgoblin comes into view.
Found a dagger.
A hobgoblin is nearby!
A hobgoblin is nearby!
The hobgoblin shouts!
You hear a shout! x2
Found a book of Burglary.
The hobgoblin barely misses you.
An orc priest comes into view. It is wielding a +0 dagger.
There is an open door here.
You freeze the hobgoblin!
You kill the hobgoblin!
You can't see any susceptible monsters within range! (Use Z to cast anyway.)
An orc wizard and an orc priest come into view.
The orc priest shouts!
The orc priest hits you with a +0 dagger.
Unknown command.
You freeze the orc priest!
The orc priest is heavily wounded.
The orc priest invokes the aid of Beogh against you.
Beogh smites you!
Ouch! That really hurt!
* * * LOW HITPOINT WARNING * * *
You are too injured to fight recklessly!
Casting: Freeze (safe; 3% risk of failure)
Confirm with . or Enter, or press ? or * to list all spells.
Aiming: Freeze (safe; 3% risk of failure)
Press: ? - help, Shift-Dir - straight line, f/p - orc priest
Aim: an orc priest, wielding a +0 dagger and wearing a +0 leather armour (heavily wounded)
You freeze the orc priest.
The orc priest is heavily wounded.
The orc priest invokes the aid of Beogh against you.
Beogh smites you!
Ouch! That really hurt!
You die...

..######.# .#
#..)..
#........#...
#.....
#####(...##.######
#.....
#....##......##
#.....
#....##.......#
#.....
#....##.......#
#^....
#....##......:#
#.....
#.....'........
#.....
#.#####@......#
#..... #(
##o.).... .#####
## o####.. o# .#
.# .# ..


You could see 2 orc priests and an orc wizard.

Vanquished Creatures
  A dart slug (D:1)
  4 ball pythons (D:2)
  2 endoplasms (D:1)
  4 goblins
  4 hobgoblins
  A quokka (D:2)
  4 bats
  2 frilled lizards
  A kobold (D:2)
  2 rats (D:1)
25 creatures vanquished.

Notes
Turn   | Place    | Note
-------+----------+-------------------------------------------
     0 | D:1      | MeddlingMage the Demigod Ice Elementalist began the quest
                  | for the Orb.
     0 | D:1      | Reached XP level 1. HP: 14/14 MP: 5/5
   369 | D:1      | Reached XP level 2. HP: 17/20 MP: 1/7
   932 | D:2      | Reached skill level 4 in Ice Magic
  1322 | D:2      | Killed from afar by an orc priest

Levels and vault maps discovered:
D:1:      psy_arrival_basics, layout_loops_ring, serial_rivers,
          chequers_serial_rivers_micro_a, chequers_serial_rivers_micro_d,
          chequers_serial_rivers_small_3, chequers_serial_rivers_large_a,
          chequers_serial_rivers_room_b, chequers_serial_rivers_small_a,
          basic_ecumenical_altar
D:2:      cheibrodos_greedy_goblins, layout_basic, serial_shops,
          nicolae_shop_behind_doors, basic_altar, minmay_split_cup_small

Action                     || total
---------------------------++-------
  Melee: Short sword       ||     3
         Unarmed           ||     2
   Cast: Freeze            ||    38
 Armour: Robe              ||    15
  Dodge: Dodged            ||    19
